 Dungeon Crawl Stone Soup version 0.27.1 (webtiles) character file.

Game seed: 63800542027495021

105 MacCMillion the Chiller (level 4, -1/30 HPs)
             Began as a Merfolk Ice Elementalist on Aug 21, 2021.
             Slain by a bullfrog zombie (5 damage)
             ... on level 3 of the Dungeon.
             The game lasted 00:14:04 (3576 turns).

MacCMillion the Chiller (Merfolk Ice Elementalist)  Turns: 3576, Time: 00:14:05

Health: -1/30      AC:  2    Str:  8    XL:     4   Next: 81%
Magic:  4/7        EV: 12    Int: 15    God:
Gold:   74         SH:  0    Dex: 14    Spells: 2/7 levels left

rFire    . . .     SeeInvis .   n - +0 falchion
rCold    . . .     Faith    .   (no shield)
rNeg     . . .     Spirit   .   a - +0 robe
rPois    .         Reflect  .   (no helmet)
rElec    .         Harm     .   (no cloak)
rCorr    .         Rampage  .   (no gloves)
Will     .....                  (no boots)
Stlth    ++........             (no amulet)
HPRegen  0.10/turn              (no ring)
MPRegen  0.10/turn              (no ring)

@: about to teleport
A: (nimble swimmer 2), mertail
a: no special abilities


You were on level 3 of the Dungeon.
You visited 1 branch of the dungeon, and saw 3 of its levels.

You collected 74 gold pieces.

Inventory:

Hand Weapons
 i - a +0 dagger
 m - a +0 spear
 n - a +0 falchion (weapon)
Armour
 a - a +0 robe (worn)
Jewellery
 f - an amulet of faith
Scrolls
 d - a scroll of brand weapon {unknown}
 e - a scroll of identify {unknown}
 h - a scroll of noise {unknown}
 j - a scroll of acquirement {unknown}
 l - 2 scrolls of magic mapping {unknown}
 o - a scroll of summoning {unknown}
 p - a scroll of enchant weapon {unknown}
Potions
 b - 2 potions of heal wounds {unknown}
 g - a potion of flight {unknown}
 k - a potion of might {unknown}


   Skills:
 - Level 2.6 Dodging
 - Level 2.1 Stealth
 - Level 2.0 Spellcasting
 + Level 1.7 Summonings
 - Level 6.2 Ice Magic


You had 2 spell levels left.
You knew the following spells:

 Your Spells              Type           Power      Damage    Failure   Level
a - Freeze                Ice            80%        1d9       1%          1
b - Frozen Ramparts       Ice            40%        1d6       5%          3
c - Summon Small Mammal   Summ           24%        N/A       11%         1

Your spell library contained the following spells:

 Spells                   Type           Power      Damage    Failure   Level
 Ozocubu's Armour         Ice            20%        N/A       5%          3
 Call Canine Familiar     Summ           6%         N/A       32%         3
 Summon Guardian Golem    Hex/Summ       4%         N/A       43%         3
 Hailstorm                Conj/Ice       10%        3d5       52%         4
 Dazzling Flash           Conj/Hex       2%         N/A       54%         3
 Iskenderun's Mystic Bla  Conj/Tloc      1%         2d3       91%         4
 Starburst                Conj/Fire      0%         6d3       100%        6


Dungeon Overview and Level Annotations

Branches:
Dungeon (3/15)

Altars:

Annotations:
D:2 exclusion: skeleton
D:3 exclusion: upstairs


Innate Abilities, Weirdness & Mutations

((You are quick and stealthy near water. (Stealth+, EV+, Speed+++)))
Your lower body shifts to a powerful aquatic tail in water.


Message History

What are your orders? t - Shout!
Orders for allies: a - Attack new target. r - Retreat! s - Stop attacking. g - Guard the area. f - Follow me.
Anything else - Cancel.
Gang up on whom?
Press: ? - help, Dir - move target, f - bullfrog zombie
Aim: a bullfrog zombie (heavily damaged, ally target) Attack!
Your bat hits the bullfrog zombie.
Your bat barely misses the bullfrog zombie.
The bullfrog zombie barely misses your bat.
Your rat bites the bullfrog zombie.
Your bat hits the bullfrog zombie. The bullfrog zombie hits your rat.
Your bat hits the bullfrog zombie. What are your orders? t - Shout!
Orders for allies: a - Attack new target. p - Attack previous target. r - Retreat! s - Stop attacking. g - Guard the area. f - Follow me.
Anything else - Cancel.
Gang up on whom?
Press: ? - help, Dir - move target, f/p - bullfrog zombie
Aim: a bullfrog zombie (severely damaged, ally target) Attack!
Your bat hits the bullfrog zombie. The bullfrog zombie hits your bat.
Your bat dies!
Your bat's corpse disappears in a puff of smoke!
Your rat bites the bullfrog zombie.
The bullfrog zombie hits your rat.
Your rat dies!
Your rat's corpse disappears in a puff of smoke!
Casting: Summon Small Mammal (safe; 11% risk of failure)
Confirm with . or Enter, or press ? or * to list all spells.
Your rat closely misses the bullfrog zombie.
Your rat closely misses the bullfrog zombie.
The bullfrog zombie hits you.
* * * LOW HITPOINT WARNING * * *
As you read the scroll of teleportation, it crumbles to dust.
You feel strangely unstable. The bullfrog zombie hits you.
You die...

###########............[..
#.........................
#.#########......<...)....
#.# #.......)....... #.#
#...............
#.#########...............
#.........#...............
############.#...............
#.......# #@##..............
# #.#####.#
#Z################ # #.# #.#
#r# # #.# #.####.#
#####.#####......#
...##.......######
##.########.# r..# #Z# #..#
#.#


You could see a bullfrog zombie (ally target) and a friendly rat (summoned).

Vanquished Creatures
  An orc wizard (D:3)
  A gnoll (D:3)
  An adder (D:1)
  2 worms
  A dart slug (D:1)
  3 orcs
  6 endoplasms
  3 giant cockroaches
  6 hobgoblins
  2 jackals (D:1)
  4 kobolds
  A quokka (D:2)
  6 ball pythons
  3 bats
  4 frilled lizards
  2 goblins
  5 rats
51 creatures vanquished.

Notes
Turn   | Place    | Note
-------+----------+-------------------------------------------
     0 | D:1      | MacCMillion the Merfolk Ice Elementalist began the quest
                  | for the Orb.
     0 | D:1      | Reached XP level 1. HP: 13/13 MP: 3/3
   514 | D:1      | Reached XP level 2. HP: 16/19 MP: 3/5
   667 | D:1      | Reached skill level 5 in Ice Magic
  1468 | D:1      | Reached XP level 3. HP: 16/24 MP: 2/6
  1567 | D:1      | Learned a level 3 spell: Frozen Ramparts
  1613 | D:2      | Found a faded altar of an unknown god.
  2628 | D:3      | Reached skill level 1 in Summonings
  2628 | D:3      | Reached XP level 4. HP: 20/30 MP: 3/7
  2746 | D:3      | Reached skill level 6 in Ice Magic
  2806 | D:3      | Noticed a phantom
  3432 | D:3      | Learned a level 1 spell: Summon Small Mammal
  3576 | D:3      | Slain by a bullfrog zombie

Illustrated notes

Levels and vault maps discovered:
D:1:      sevenhm_arrival_forest_fort_small_5, layout_basic,
          minmay_misc_feat_cross
D:2:      layout_rooms, basic_ecumenical_altar
D:3:      minmay_bubble_buster, layout_basic

Skill      XL: |  1  2  3  4 |
---------------+-------------+-----
Ice Magic      | 5 6 |  6.2
Summonings     | 1 |  1.7
Dodging        | |  2.6
Stealth        | |  2.1
Spellcasting   | |  2.0

Action                   |  1- 3 |  4- 6 || total
-------------------------+-------+-------++-------
Melee: Unarmed           |     3 |       ||     3
       Dagger            |     1 |       ||     1
       Falchion          |       |     4 ||     4
 Cast: Freeze            |    67 |    16 ||    83
       Frozen Ramparts   |     1 |     2 ||     3
       Summon Small Mamm |       |     5 ||     5
  Use: Scroll            |       |     2 ||     2
 Stab: Sleeping          |       |     1 ||     1
Armor: Robe              |     6 |       ||     6
Dodge: Dodged            |    30 |    17 ||    47
       Rpst.: Falchion   |       |     3 ||     3
